 Dungeon Crawl Stone Soup version 0.15-a0-110-gb05c47c (webtiles) character file.

123 Qrupt the Twirler (level 4, 5/35 HPs)
             Began as a Human Wanderer on Apr 10, 2014.
             Quit the game on Level 3 of the Dungeon.
             The game lasted 00:05:44 (2308 turns).

Qrupt the Twirler (Human Wanderer)                  Turns: 2308, Time: 00:05:44

HP   5/35        AC  5     Str 12      XL: 4   Next: 57%
MP   8/8         EV  9     Int 14      God:
Gold 47          SH  0     Dex 12      Spells:  0 memorised,  7 levels left

rFire  . . .     SeeInvis .     b - +0 quarterstaff
rCold  . . .     Clarity  .     n - +0 ring mail
rNeg   . . .     Conserve .     (no shield)
rPois  .         rCorr    .     (no helmet)
rElec  .         rRot     .     (no cloak)
SustAb . .       Spirit   .     (no gloves)
rMut   .         Warding  .     (no boots)
Saprov . . .     Stasis   .     (no amulet)
MR     .....                    (no ring)
                                (no ring)

@: flying, lethally poisoned, not resistant to hostile enchantments, extremely
unstealthy
A: no striking features
a: no special abilities


You were on level 3 of the Dungeon.
You were hungry.

You visited 1 branch of the dungeon, and saw 3 of its levels.

You collected 47 gold pieces.

Inventory:

Hand weapons
 b - a +0,+0 quarterstaff (weapon)
 l - a +1,+1 sling of flame
Missiles
 m - 10 stones (quivered)
Armour
 c - a +0 robe
 n - a +0 ring mail (worn)
Comestibles
 d - 2 bread rations
 f - a choko
 p - a chunk of jackal flesh
Scrolls
 g - 4 scrolls of identify {unknown}
 h - a scroll of remove curse
Books
 a - a book of Minor Magic

   Spells                             Type                      Level
   Magic Dart                         Conjuration                  1
   Blink                              Translocation                2
   Call Imp                           Summoning                    2
   Repel Missiles                     Charms/Air                   2
   Slow                               Hexes                        2
   Conjure Flame                      Conjuration/Fire             3
   Mephitic Cloud                     Conjuration/Poison/Air       3


   Skills:
 - Level 3.0 Fighting
 + Level 3.8 Staves
 - Level 2.0 Dodging
   Level 1.0 Shields
 - Level 2.0 Spellcasting
   Level 1.0 Translocations
   Level 1.0 Evocations


You had 7 spell levels left.
You didn't know any spells.

Dungeon Overview and Level Annotations

Branches:
Dungeon (3/15)

Altars:
Cheibriados

Annotations:
D:2 Sigmund


Message History

Read which item? (? for menu, Esc to quit)
As you read the scroll labeled STRICA VOPA, it crumbles to dust.
Your +0,+0 quarterstaff glows mottled aubergine for a moment.
It was a scroll of random uselessness.
* * * LOW HITPOINT WARNING * * *
You feel sick. The kobold hits you but does no damage.
Read which item? (? for menu, Esc to quit)
As you read the scroll labeled PNYARPH ELOAB, it crumbles to dust.
You feel aware of your surroundings.
It was a scroll of magic mapping.
* * * LOW HITPOINT WARNING * * *
You feel sick. The kobold closely misses you.
Read which item? (? for menu, Esc to quit)
As you read the scroll labeled XESIRE SIGURGHI, it crumbles to dust.
You feel blessed for a moment.
It was a scroll of remove curse.
* * * LOW HITPOINT WARNING * * *
You feel sick.
The kobold hits you with a short sword of venom.
* * * LOW HITPOINT WARNING * * *
You aren't carrying any potions.
Are you sure you want to abandon this character and quit the game? (Confirm with "yes".)

,, ,,,,, ,[.# #.#..#. ,
,,,,,.....# #.#..#. *,,,,,......#
########.#..#. *,,,,.......#
#......#.####. *,,,.(......#
#.####.#..)... ,,,.(......####
#.#....####### *,,,...........#
#.#.#### #####
***##...<...##_#####.#.######....
,,,....!.......K@..(..>..........
***##...?...##...(##)#.######....
#...>.........((.#.# #....
#......######%####.# #....
#......* #......# #.... *......*
######## #.... **#####* #####


You could see a kobold.

Vanquished Creatures
  Ijyb (D:2)
  An adder (D:2)
  3 giant cockroaches
  6 goblins
  8 hobgoblins
  A quokka (D:3)
  A ball python (D:1)
  3 bats
  A giant newt (D:3)
  6 jackals
  10 kobolds
  5 rats
46 creatures vanquished.

Notes
Turn   | Place    | Note
--------------------------------------------------------------
     0 | D:1      | Qrupt, the Human Wanderer, began the quest for the Orb.
     0 | D:1      | Reached XP level 1. HP: 18/18 MP: 4/4
   277 | D:1      | Reached skill level 1 in Staves
   289 | D:1      | Reached XP level 2. HP: 10/24 MP: 5/5
  1007 | D:1      | Reached XP level 3. HP: 24/29 MP: 7/7
  1647 | D:2      | Noticed Ijyb
  1663 | D:2      | Killed Ijyb
  1663 | D:2      | Reached XP level 4. HP: 9/35 MP: 8/8
  1940 | D:2      | Noticed Sigmund
  2120 | D:3      | Found a snail-covered altar of Cheibriados.
  2308 | D:3      | Quit the game

Action                   |  1- 3 |  4- 6 || total
-------------------------+-------+-------++-------
Melee: Quarterstaff      |    87 |    66 ||   153
 Fire: Sling             |    11 |       ||    11
  Use: Potion            |     1 |     3 ||     4
       Scroll            |       |     3 ||     3
 Stab: Sleeping          |     1 |       ||     1
